Map: [ESL] Inside and Out

Players

DisK - Winner!

  • Race: Protoss Protoss
  • Spawn Location: 7:00

Scarlett

  • Race: Zerg Zerg
  • Spawn Location: 1:00

Event: DreamHack SC2 Masters 2022 Atlanta (Online)

VOD

Have the link to the VOD?

Description

Time

  • Played on: Oct. 14, 2022, 5:27 p.m.
  • Length: 9:43

All games in this series

Show
View Real Time Build Order
Export as new Build Order

DisK Protoss - Winner!

Build Orders: 1 Gate Expand, Mass Adepts 

Get SALT Encoding   

  12  0:00  Probe  
  13  0:12  Probe  
  14  0:18  Pylon  
  14  0:24  Probe  
  15  0:36  Gateway  
  15  0:37  Probe (Chrono Boost)  
  16  0:46  Probe (Chrono Boost)  
  16  0:47  Assimilator  
  17  0:51  Probe (Chrono Boost)  
  18  1:03  Probe  
  19  1:15  Probe  
  20  1:22  Nexus  
  20  1:32  Cybernetics Core  
  20  1:36  Probe  
  21  1:44  Assimilator  
  21  1:48  Probe  
  21  1:51  Pylon  
  22  2:00  Probe  
  23  2:06  Warp Gate (Chrono Boost)  
  23  2:07  Adept (Chrono Boost)  
  23  2:12  Probe  
  26  2:24  Probe  
  26  2:27  Stalker (Chrono Boost)  
  29  2:34  Probe  
  29  2:36  Probe  
  31  2:40  Gateway  
  31  2:46  Probe  
  31  2:49  Probe  
  31  2:50  Gateway  
  33  2:58  Probe  
  33  3:00  Adept  
  33  3:01  Probe  
  37  3:10  Probe  
  37  3:11  Twilight Council  
  38  3:13  Probe  
  38  3:19  Robotics Facility  
  39  3:22  Probe  
  40  3:30  Probe  
  40  3:33  Pylon  
  41  3:34  Probe  
  42  3:42  Probe  
  42  3:43  Resonating Glaives (Chrono Boost)  
  42  3:45  Pylon  
  42  3:47  Probe  
  44  3:51  Adept x3  
  50  4:01  Gateway  
  50  4:02  Gateway  
  50  4:04  Gateway  
  50  4:13  Warp Prism  
  52  4:20  Adept  
  52  4:21  Adept  
  54  4:30  Probe x2  
  54  4:31  Adept  
  54  4:34  Pylon  
  56  4:46  Adept x2  
  56  4:51  Pylon  
  58  4:56  Adept x3  
  64  5:08  Pylon  
  64  5:13  Assimilator  
  64  5:15  Adept x3  
  64  5:16  Adept x3  
  64  5:21  Dark Shrine  
  74  5:36  Adept x2  
  74  5:37  Adept x2  
  74  5:38  Probe  
  81  6:12  Pylon x2  
  77  6:23  Nexus  
  77  6:24  Pylon  
  77  6:34  Dark Templar x3  
  83  6:41  Pylon  
  83  6:42  Gateway  
  83  6:43  Gateway  
  83  6:56  Immortal  
  83  6:59  Assimilator  
  83  7:00  Gateway  
  83  7:01  Gateway  
  81  7:06  Sentry x2  
  81  7:07  Zealot x3  
  89  7:19  Probe x2  
  89  7:22  Shield Battery  
  89  7:24  Shield Battery  
  89  7:26  Shield Battery  
  85  7:31  Probe x2  
  85  7:35  Immortal (Chrono Boost), Probe  
  86  7:42  Adept x2  
  95  7:44  Probe (Chrono Boost)  
  95  7:45  Probe (Chrono Boost)  
  95  7:47  Probe (Chrono Boost)  
  97  7:54  Dark Templar  
  97  7:58  Probe x2 (Chrono Boost), Pylon  
  102  8:00  Probe (Chrono Boost)  
  102  8:04  Stalker  
  104  8:07  Immortal (Chrono Boost)  
  108  8:14  Probe x3  
  111  8:27  Stalker x4  
  111  8:33  Stalker  
  121  8:40  Observer (Chrono Boost)  
  122  8:49  Stalker x5  
  130  9:08  Pylon  
  130  9:10  Stalker x5  
  134  9:17  Stalker x2  
  134  9:18  Zealot x2  
Show
View Real Time Build Order
Export as new Build Order

Scarlett Zerg 

Build Orders: Hatch First 

Get SALT Encoding   

  12  0:00  Drone  
  13  0:12  Overlord  
  13  0:17  Drone  
  14  0:30  Drone x2  
  16  0:47  Hatchery  
  15  0:50  Drone  
  15  0:54  Drone  
  17  0:57  Drone  
  18  1:08  Extractor  
  17  1:13  Spawning Pool  
  17  1:15  Drone  
  17  1:19  Drone  
  18  1:28  Drone  
  19  1:38  Drone  
  20  1:49  Drone  
  21  1:59  Queen x2  
  21  2:00  Zergling x2, Overlord  
  26  2:09  Drone  
  26  2:10  Drone  
  26  2:12  Metabolic Boost  
  28  2:20  Drone  
  28  2:22  Drone  
  30  2:33  Drone  
  30  2:36  Zergling x2  
  32  2:38  Hatchery  
  32  2:43  Queen  
  33  2:47  Overlord  
  33  2:50  Drone  
  34  2:53  Drone  
  35  2:59  Drone  
  36  3:06  Queen  
  36  3:07  Drone x3  
  36  3:08  Drone  
  36  3:11  Overlord  
  42  3:19  Drone x2  
  44  3:25  Overlord  
  44  3:29  Queen, Overlord  
  46  3:36  Overlord  
  46  3:39  Drone x3  
  49  3:46  Overlord  
  49  3:52  Drone x5  
  49  3:55  Queen  
  54  3:58  Zergling x2  
  57  4:03  Zergling x2  
  57  4:04  Zergling x2, Roach Warren  
  58  4:10  Zergling x6  
  58  4:13  Zergling x4  
  58  4:14  Drone  
  58  4:16  Extractor  
  61  4:26  Drone  
  61  4:27  Drone x5  
  64  4:36  Drone x6  
  68  4:47  Drone x5  
  68  4:48  Lair  
  73  4:54  Drone  
  73  4:55  Drone x2  
  73  4:58  Overlord  
  73  4:59  Drone x2  
  78  5:01  Spore Crawler  
  75  5:08  Roach  
  75  5:10  Spine Crawler  
  75  5:11  Spine Crawler  
  75  5:12  Roach x2  
  75  5:13  Extractor, Spine Crawler  
  77  5:14  Extractor  
  77  5:18  Roach  
  77  5:19  Roach x4  
  86  5:22  Zergling x4  
  88  5:31  Roach  
  88  5:33  Roach  
  90  5:41  Queen  
  89  5:45  Zergling x2  
  87  6:00  Zergling x2, Overlord  
  87  6:01  Zergling x2  
  87  6:02  Spine Crawler  
  87  6:03  Spine Crawler  
  87  6:10  Extractor x2  
  76  6:18  Drone  
  76  6:19  Drone x4  
  76  6:23  Hatchery  
  80  6:26  Roach x6  
  91  6:35  Overseer  
  86  6:41  Glial Reconstitution  
  86  6:46  Zergling x2, Roach  
  86  6:51  Roach x2  
  84  6:56  Zergling x2, Roach  
  84  6:57  Zergling x8  
  78  7:06  Drone x4  
  79  7:12  Roach  
  80  7:21  Drone x3  
  82  7:23  Evolution Chamber  
  82  7:27  Drone x3  
  81  7:36  Drone x4  
  85  7:39  Infestation Pit  
  85  7:43  Hatchery  
  83  7:45  Drone  
  83  7:48  Drone  
  83  7:49  Drone, Zerg Missile Weapons Level 1  
  86  7:53  Drone x3  
  89  8:03  Overlord x5  
  89  8:16  Hive  
  89  8:17  Roach, Overlord  
  89  8:19  Overlord x3  
  91  8:24  Roach  
  93  8:32  Roach x4  
  101  8:42  Roach x2  
  101  8:46  Ravager  
  101  8:47  Ravager x4  
  112  8:48  Roach x2  
  112  8:49  Zergling x4  
  112  8:53  Roach  
  118  8:58  Roach  
  118  8:59  Roach  
  122  9:04  Roach x4  
  130  9:12  Roach x2  
  122  9:17  Roach  
  122  9:18  Roach x2  
  122  9:22  Roach x3  
Tags
 
Add a new tag
Caveats
  • Supply blocks, unpowered buildings, or Contaminate may cause inaccurate times.
  • Supply counts are checked every 10 seconds.